cohdb
Replays
Latest Replays
All Replays
Popular Replays
Top Player Replays
Match Explorer
How It Works
Community
CoH3 Stats
Reddit
Sign in to upload your games and track your stats! →
Sign in with Steam
Match 46645575
Unlisted
Match 46645575
Overview
Messages
Build Orders
End
Construct Section Command Post
Infantry Section
Infantry Section
Infantry Section
Infantry Section
Construct Platoon Command Post
Humber Armored Car
Royal Engineer Section
Selects Australian Defense Battlegroup
Selects Australian Light Infantry Section
Selects 2-pounder Anti-tank Gun Team
Infantry Training
Grenade Package
2-pounder Anti-tank Gun Team
Construct Company Command Post
Selects Vehicle Over Repair
Crusader II Medium Tank
Selects CMP 15cwt Supply Run
Selects Reinforced Resource Caches
Crusader II Medium Tank
crywo1f
EVILUTION
peace
Grom
0
0
Comments
sign in to comment!
No comments posted yet!